 Dungeon Crawl Stone Soup version 0.30.1-11-g7821555f0a (webtiles) character file.

Game seed: 1455656903440789788

135 jagang the Slasher (level 5, -1/42 HPs)
             Began as a Human Monk on Dec 29, 2023.
             Slain by Terence
             ... wielding a +0 flail
              (2 damage)
             ... on level 3 of the Dungeon.
             The game lasted 00:04:04 (2056 turns).

jagang the Slasher (Human Monk)                     Turns: 2056, Time: 00:04:05

Health: -1/42      AC: 10    Str: 12    XL:     5   Next: 42%
Magic:  5/5        EV:  3    Int: 10    God:
Gold:   127        SH:  5    Dex: 17    Spells: 4/4 levels left

rFire   . . .        a - +0 falchion
rCold   . . .        d - orb {light}
rNeg    . . .        j - +0 plate armour
rPois   .            (no helmet)
rElec   .            (no cloak)
rCorr   .            (no gloves)
SInv    .            (no boots)
Will    .....        k - amulet of reflection Stlth
                     (no ring)
HPRegen 0.27/turn    (no ring)
MPRegen 0.09/turn

%: reflection
@: glowing
A: no striking features
a: no special abilities


You were on level 3 of the Dungeon.
You visited 1 branch of the dungeon, and saw 4 of its levels.

You collected 127 gold pieces.

Inventory:

Hand Weapons
 a - a +0 falchion (weapon)
Armour
 d - an orb of light (worn)
 j - a +0 plate armour (worn)
Jewellery
 k - an amulet of reflection (around neck)
Scrolls
 b - a scroll of magic mapping
 e - 3 scrolls of teleportation {unknown}
 g - 3 scrolls of identify
 h - a scroll of poison {unknown}
 l - a scroll of amnesia {unknown}
 n - a scroll of acquirement {unknown}
Potions
 c - a potion of ambrosia
 f - a potion of flight {unknown}
 i - a potion of degeneration {unknown}
 m - a potion of brilliance {unknown}
 o - a potion of curing {unknown}


   Skills:
 + Level 3.8 Fighting
 + Level 3.8 Long Blades
 + Level 2.1 Armour
 + Level 3.8 Dodging


You had 4 spell levels left.
You didn't know any spells.
Your spell library contained the following spells:

 Spells                   Type           Power      Damage    Failure   Level
 Ensorcelled Hibernation  Hex/Ice        0%         N/A       100%        2
 Passwall                 Tmut/Erth      0%         N/A       100%        2
 Swiftness                Air            0%         N/A       100%        3
 Animate Dead             Necr           0%         N/A       100%        4
 Haunt                    Necr/Summ      0%         N/A       100%        7
 Infestation              Necr           0%         N/A       100%        8


Dungeon Overview and Level Annotations

Branches:
Dungeon (4/15)
 Temple: D:4-7

Altars:

Annotations:
D:3 Terence


Message History

It is a scroll of identify.
b - a scroll of magic mapping You hit Terence.
Terence is lightly wounded.
Terence hits you but does no damage. The gnoll barely misses you.
The gnoll hits you from afar with a +0 spear.
You block Terence's attack.
You slash Terence!
Terence is heavily wounded.
The gnoll hits you but does no damage. Terence hits you with a +0 flail.
You hit Terence but do no damage.
Terence is heavily wounded.
You block the gnoll's attack. Terence hits you with a +0 flail.
You hit Terence but do no damage.
Terence is heavily wounded.
The gnoll hits you but does no damage. Terence barely misses you.
You hit Terence.
Terence is heavily wounded.
You block Terence's attack.
The gnoll hits you from afar with a +0 spear.
You hit Terence but do no damage.
Terence is heavily wounded.
The gnoll hits you from afar with a +0 spear.
Terence hits you with a +0 flail.
You hit Terence but do no damage.
Terence is heavily wounded.
Terence hits you but does no damage. The gnoll barely misses you.
You hit Terence but do no damage.
Terence is heavily wounded.
Terence hits you with a +0 flail.
The gnoll hits you from afar with a +0 spear.
* * * LOW HITPOINT WARNING * * *
You hit Terence but do no damage.
Terence is heavily wounded.
Terence hits you with a +0 flail.
* * * LOW HITPOINT WARNING * * *
The gnoll hits you from afar with a +0 spear.
* * * LOW HITPOINT WARNING * * *
Terence hits you with a +0 flail.
You die...

#.##..#
#. ##.###
#.###...#
#.....#<#
#.#####.#
.. #.##
.. #..###
. ##...#
. . ###@#
.# .# #@#
##.# ..#
#g## ...
..
#S.###.#
... .
##..#..#
.. ##...#
... #..##
....##
#..##
....#
#>..#


You could see Terence, a gnoll and a ball python.

Vanquished Creatures
  Jessica (D:2)
  3 gnolls (D:3)
  2 adders
  A worm (D:2)
  A dart slug (D:1)
  4 orcs (D:3)
  5 endoplasms
  A giant cockroach (D:1)
  6 goblins
  6 hobgoblins
  5 quokkas
  5 ball pythons
  4 bats
  4 frilled lizards
  4 kobolds
  2 rats
54 creatures vanquished.

Notes
Turn   | Place    | Note
-------+----------+-------------------------------------------
     0 | D:1      | jagang the Human Monk began the quest for the Orb.
     0 | D:1      | Reached XP level 1. HP: 18/18 MP: 1/1
   102 | D:1      | Reached XP level 2. HP: 18/24 MP: 2/2
   414 | D:1      | Found a faded altar of an unknown god.
   421 | D:1      | Reached XP level 3. HP: 25/29 MP: 3/3
   424 | D:1      | Reached skill level 1 in Armour
  1255 | D:2      | Noticed Jessica
  1262 | D:2      | Killed Jessica
  1263 | D:2      | Reached XP level 4. HP: 33/35 MP: 4/4
  1803 | D:3      | Reached XP level 5. HP: 36/41 MP: 5/5
  1937 | D:3      | Noticed Terence
  2056 | D:3      | HP: 1/42 [gnoll/+0 spear (6)]
  2056 | D:3      | Slain by Terence

Illustrated notes

Levels and vault maps discovered:
D:1:      evilmike_arrival_fibonacci_small, layout_loops_corners,
          shapermc_ecumenical_altar_starsandcircs
D:2:      layout_loops_cross, uniq_jessica
D:3:      layout_rooms, mainiacjoe_overflow_surrounded_room, uniq_terence
D:4:      minmay_recursive_quarters, layout_cave_pools, uniq_blork_the_orc

Skill      XL: |  1  2  3  4  5 |
---------------+----------------+-----
Armour         | 1 2 |  2.1
Fighting       | |  3.8
Long Blades    | |  3.8
Dodging        | |  3.8

Action                     |  1- 3 |  4- 6 || total
---------------------------+-------+-------++-------
  Melee: Falchion          |    91 |    89 ||   180
    Use: Scroll            |       |     1 ||     1
 Armour: Robe              |     8 |       ||     8
         Plate armour      |    21 |    49 ||    70
  Dodge: Dodged            |    59 |    22 ||    81
  Block: Orb               |       |    17 ||    17
